 Dungeon Crawl Stone Soup version 0.25-a0-591-g2ad0d861f1 (webtiles) character file.

Game seed: 968397935991431826, levelgen mode: deterministic

130940 Glundar the Blocker (level 16, -10/130 HPs)
             Began as a Demonspawn Fighter on Mar 13, 2020.
             Was the Champion of Qazlal.
             Mangled by a kraken (34 damage)
             ... on level 3 of the Shoals on Mar 14, 2020.
             The game lasted 03:52:54 (26146 turns).

Glundar the Blocker (Demonspawn Fighter)           Turns: 26146, Time: 03:52:55

Health: -10/130    AC: 28    Str: 24    XL:     16   Next: 54%
Magic:  18/18      EV: 14    Int: 19    God:    Qazlal [******]
Gold:   1436       SH: 33    Dex: 14    Spells: 15/15 levels left

rFire    x . .     SeeInvis .   I - +5 demon trident (vamp)
rCold    + + +     Gourm    .   t - +1 tower shield {rPois}
rNeg     . . .     Faith    .   v - +1 ice dragon scales
rPois    +         Spirit   .   C - +0 helmet of Absence {*Contam Regen+ Str+2 Int+7}
rElec    +         Reflect  +   B - +0 cloak {MR+}
rCorr    .         Harm     .   T - +0 pair of gloves "Asiw" {rElec Int+2}
MR       ++...                  (boots unavailable)
Stlth    ..........             l - +4 amulet of reflection
HPRegen  0.71/turn              a - +5 ring of evasion
MPRegen  0.16/turn              R - +3 ring of protection

@: protected from physical damage, studying Axes, repel missiles, very slow
A: hooves 3, yellow scales 2, cold resistance 1, spiny 2, augmentation 2,
freezing cloud immunity
a: Upheaval, Elemental Force, Disaster Area, Renounce Religion


You were on level 3 of the Shoals.
You worshipped Qazlal.
Qazlal was exalted by your worship.
You were not hungry.

You visited 6 branches of the dungeon, and saw 28 of its levels.
You also visited: Gauntlet and Ice Cave.

You collected 2991 gold pieces.
You spent 1555 gold pieces at shops.

Inventory:

Hand Weapons
 b - a +2 whip of venom
 w - a +2 trident of flaming
 I - a +5 vampiric demon trident (weapon)
 U - the +6 spear of Defiance {vamp, rC+ rN++ MP+9}
   (You took it off a minotaur in a Gauntlet)

   It inflicts no extra harm, but heals its wielder when it wounds a living foe.
   It protects you from cold.
   It greatly protects you from negative energy.
   It affects your magic capacity (+9).
 X - the +9 staff of Olgreb {rPois∞}
   (You found it on level 5 of the Dungeon)

   It grants immunity to poison.
Missiles
 P - 73 poisoned darts (quivered)
 V - 14 atropa-tipped darts
Armour
 t - a +1 tower shield of poison resistance (worn)
 v - +1 ice dragon scales (worn)
 B - a +0 cloak of magic resistance (worn)
 C - the +0 helmet of Absence (worn) {*Contam Regen+ Str+2 Int+7}
   (You found it on level 4 of the Dungeon)

   It affects your strength (+2).
   It affects your intelligence (+7).
   It causes magical contamination when unequipped.
   It increases your rate of regeneration.
 T - the +0 pair of gloves "Asiw" (worn) {rElec Int+2}
   (You found it on level 1 of the Shoals)

   It affects your intelligence (+2).
   It insulates you from electricity.
Jewellery
 a - a +5 ring of evasion (left hand)
 c - an uncursed amulet of guardian spirit
 e - an uncursed ring of magical power {unknown}
 j - an uncursed amulet of harm {unknown}
 l - a +4 amulet of reflection (around neck)
 m - an uncursed amulet of regeneration
 x - an uncursed ring of flight
 y - an uncursed ring of protection from fire
 D - an uncursed ring of resist corrosion
 R - a +3 ring of protection (right hand)
Wands
 g - a wand of acid (32)
 k - a wand of flame (16)
 s - a wand of enslavement (7)
 K - a wand of paralysis (21)
 L - a wand of polymorph (46)
 S - a wand of iceblast (14)
Scrolls
 n - 4 scrolls of immolation
 o - 4 scrolls of fear
 p - 10 scrolls of teleportation
 r - 3 scrolls of fog
 z - 3 scrolls of enchant armour
 G - 4 scrolls of remove curse
 J - 6 scrolls of magic mapping
 M - a scroll of brand weapon {unknown}
 O - 3 scrolls of blinking
 Z - a scroll of noise
Potions
 d - 6 potions of might
 h - 7 potions of lignification
 i - 9 potions of flight
 q - 2 potions of invisibility
 u - a potion of stabbing
 A - a potion of heal wounds
 H - a potion of haste
 N - 3 potions of curing
 Q - 2 potions of cancellation
 W - 2 potions of berserk rage
 Y - 2 potions of resistance
Books
 E - a manual of Axes
Comestibles
 f - 36 rations
 F - 13 chunks of flesh


   Skills:
 + Level 13.0 Fighting
 - Level 4.7(10.2) Axes
 - Level 13.7(14.7) Polearms
 - Level 8.2(12.0) Staves
 + Level 12.0 Armour
 - Level 2.1 Dodging
 * Level 14.6 Shields
 + Level 3.7 Invocations


You had 15 spell levels left.
You didn't know any spells.
Your spell library contained the following spells:

 Spells                   Type           Power        Failure   Level  Hunger
 Animate Skeleton         Necr           N/A          88%         1    ##.....
 Corona                   Hex            #......      88%         1    ##.....
 Foxfire                  Conj/Fire      #...         88%         1    ##.....
 Freeze                   Ice            #...         88%         1    ##.....
 Magic Dart               Conj           #...         88%         1    ##.....
 Pain                     Necr           #...         88%         1    ##.....
 Ensorcelled Hibernation  Hex/Ice        #.....       95%         2    ###....
 Poisonous Vapours        Pois/Air       #.....       95%         2    ###....
 Searing Ray              Conj           #.....       95%         2    ###....
 Slow                     Hex            #.......     95%         2    ###....
 Confusing Touch          Hex            #.......     99%         3    ####...
 Conjure Flame            Conj/Fire      #.......     99%         3    ####...
 Dazzling Flash           Conj/Hex       #.....       99%         3    ####...
 Frozen Ramparts          Ice            #.....       99%         3    ####...
 Inner Flame              Hex/Fire       #.......     99%         3    ####...
 Mephitic Cloud           Conj/Pois/Air  #.......     99%         3    ####...
 Ozocubu's Armour         Chrm/Ice       #.......     99%         3    ####...
 Portal Projectile        Hex/Tloc       #.....       99%         3    ####...
 Tukima's Dance           Hex            #.......     99%         3    ####...
 Vampiric Draining        Necr           #.........   99%         3    ####...
 Animate Dead             Necr           N/A          100%        4    #####..
 Cause Fear               Hex            #.........   100%        4    #####..
 Fulminant Prism          Conj/Hex       #.........   100%        4    #####..
 Hailstorm                Conj/Ice       #.......     100%        4    #####..
 Iskenderun's Mystic Bla  Conj/Tloc      #.......     100%        4    #####..
 Leda's Liquefaction      Hex/Erth       #.........   100%        4    #####..
 Sticky Flame             Conj/Fire      #.......     100%        4    #####..
 Summon Ice Beast         Ice/Summ       #.......     100%        4    #####..
 Agony                    Necr           #.......     100%        5    ######.
 Bolt of Magma            Conj/Fire/Erth #.........   100%        5    ######.
 Fireball                 Conj/Fire      #.........   100%        5    ######.
 Silence                  Hex/Air        #.........   100%        5    ######.
 Yara's Violent Unravell  Hex/Tmut       #.........   100%        5    ######.
 Deflect Missiles         Chrm/Air       #.........   100%        6    #######
 Freezing Cloud           Conj/Ice/Air   #.........   100%        6    #######
 Iron Shot                Conj/Erth      #.........   100%        6    #######
 Statue Form              Tmut/Erth      #........    100%        6    #######
 Ring of Flames           Chrm/Fire      #.........   100%        7    #######
 Discord                  Hex            #.........   100%        8    #######
 Shatter                  Erth           #.........   100%        9    #######


Dungeon Overview and Level Annotations

Branches:
Dungeon (15/15)            Temple (1/1) D:7            Lair (6/6) D:9
 Shoals (3/4) Lair:2       Spider (0/4) Lair:4        Slime (1/5) Lair:6
    Orc (2/2) D:9             Elf (0/3) Orc:2        Vaults (0/5) D:14
 Depths (0/5) D:15          IceCv (visited)         Gauntlet (visited)

Altars:
Ashenzari
Cheibriados
Dithmenos
Elyvilon
Fedhas
Gozag
Hepliaklqana
Kikubaaqudgha
Makhleb
Nemelex Xobeh
Okawaru
Qazlal
Ru
Sif Muna
Trog
Uskayaw
Vehumet
Wu Jian
Xom
Yredelemnul
Zin
The Shining One
Beogh

Shops:
D:4 [   D:8 =   Orc:2 [*[*

Annotations:
D:5 1 runed translucent door


Innate Abilities, Weirdness & Mutations

You have hooves in place of feet.
You are mostly covered in yellow scales. (AC +3)
Your flesh is cold resistant. (rC+)
You are mostly covered in sharp spines.
Your magical and physical power is enhanced at high health.
You are immune to freezing clouds.


Message History

You block the tentacle's attack. The tentacle slaps you.
You block the tentacle's attack. x2
The tentacle slaps you but does no damage.
The tentacle is struck by your spines. The tentacle slaps you!
You feel more protected from physical attacks.
The tentacle slaps you! You block the tentacle's attack.
The kraken is struck by your spines. The kraken bites you!
A kraken comes into view.
You block the tentacle's attack. The tentacle slaps you!!
The tentacle is engulfed in freezing vapours.
The tentacle slaps you!
The tentacle is engulfed in freezing vapours.
You block the kraken's attack. The tentacle slaps you!!
* * * LOW HITPOINT WARNING * * *
The tentacle is struck by your spines. The tentacle slaps you!
* * * LOW HITPOINT WARNING * * *
The tentacle is engulfed in freezing vapours.
You block the tentacle's attack. The kraken bites you!!
You die...

≈≈.. #..≈≈≈≈≈≈≈≈
≈≈≈≈≈≈≈≈.## ###.≈≈≈≈≈≈≈
≈≈≈≈≈≈≈≈..### #.≈≈≈≈≈≈≈
≈≈≈≈≈≈≈≈≈...###.≈≈≈≈≈≈≈
≈≈≈≈≈≈≈≈≈≈.....≈≈≈≈≈≈≈≈
≈≈≈≈≈≈≈≈≈≈≈.PP.≈≈≈≈≈≈≈.
≈≈≈≈≈≈§w°≈≈≈P..≈≈≈≈≈≈≈.
≈≈≈≈≈≈X≈w*│..≈≈≈≈≈≈≈...
≈≈≈≈≈☼○@w││°....≈≈≈≈≈..
≈≈≈≈≈≈°○wV###..≈≈≈≈≈≈..
≈≈≈≈≈≈≈PP§.##.≈≈≈≈≈≈≈..
≈≈≈≈≈P≈.......≈P≈≈≈≈≈P
≈≈≈≈≈≈≈≈≈≈.P..≈P≈≈≈≈≈P
≈≈≈≈≈≈P≈≈≈.....≈≈≈≈≈≈≈
≈X≈≈≈≈≈≈P≈≈≈≈P≈≈≈≈≈≈≈
≈≈≈≈≈≈≈≈≈≈≈P≈PP≈≈≈≈≈


You could see 2 krakens and 4 tentacles.

Vanquished Creatures
  The ghost of iroha the Fighter, an adept OpFi of Gozag (Orc:2)
  An ironheart preserver (D:14)
  A stone giant (Orc:2)
  A minotaur (Gauntlet)
  A merfolk javelineer (Shoals:3)
  4 merfolk impalers
  Josephine (Lair:4)
  A yaktaur captain (D:15)
  2 ice dragons (IceCv)
  A death knight (D:14)
  6 hydras
  2 centaur warriors
  A merfolk aquamancer (Shoals:1)
  An alligator snapping turtle (Lair:2)
  3 merfolk avatars
  5 two-headed ogres
  A satyr (Shoals:3)
  10 death yaks (Lair:6)
  6 orc high priests
  7 sea snakes
  A lindwurm (Lair:4)
  15 harpies (Shoals:1)
  5 orc knights
  3 oklob plants (Lair:6)
  5 fauns
  A wolf spider zombie (D:14)
  A phantasmal warrior (D:14)
  5 ugly things
  3 cyclopes
  8 manticores
  A deep elf mage (D:14)
  8 elephants
  2 ice statues (IceCv)
  4 water nymphs
  4 black mambas
  7 merfolk sirens
  12 spiny frogs
  16 rime drakes
  6 komodo dragons
  A freezing wraith (D:14)
  An efreet (D:12)
  19 merfolk
  3 meliai (Gauntlet)
  A queen bee (D:10)
  A troll (D:10)
  5 wind drakes
  Grinder (D:6)
  6 polar bears
  3 blink frogs
  4 hornets
  9 slime creatures
  22 hippogriffs
  5 snapping turtles
  2 shadows
  14 flying skulls (Gauntlet)
  7 wraiths
  3 spriggans
  A vampire (D:13)
  8 wyverns
  7 basilisks
  3 water elementals
  61 yaks
  Eustachio (D:4)
  3 hungry ghosts
  Edmund (D:5)
  12 wargs
  3 soldier ants (D:5)
  An acid dragon (D:12)
  6 porcupines
  19 water moccasins
  2 hornet zombies
  3 sky beasts
  18 ice beasts
  4 necrophages
  11 orc warriors
  3 black bears
  A boggart (shapeshifter) (D:13)
  34 wolves
  12 centaurs
  8 ogres
  16 crocodiles
  18 bullfrogs
  7 scorpions
  35 killer bees
  7 wights
  4 howler monkeys
  3 crimson imps
  A jelly (D:10)
  3 quasits
  6 hounds
  37 orc priests
  Crazy Yiuf (D:4)
  4 centaur zombies
  3 bullfrog skeletons
  3 centaur skeletons
  5 iguanas
  24 orc wizards
  18 worker ants
  A hound zombie (D:5)
  A howler monkey zombie (D:9)
  3 worker ant zombies
  16 adders
  8 gnolls
  3 shadow imps
  An ooze (D:2)
  2 worms (D:3)
  3 dart slugs
  3 leopard geckos
  84 orcs
  4 ball pythons
  3 giant cockroaches
  11 hobgoblins
  21 jackals
  4 quokkas
  5 bats
  6 frilled lizards
  4 goblins
  4 kobolds
  2 quokka skeletons
  A quokka zombie (D:7)
  7 rats
  2 plants (D:9)
886 creatures vanquished.

Vanquished Creatures (others)
  A satyr (Shoals:3)
  A centaur warrior (D:15)
  4 manticores
  A faun (Shoals:3)
  A yaktaur (D:15)
  2 merfolk
  3 centaurs (D:14)
  A worker ant (D:8)
  A bush (D:11)
  6 fungi
  21 plants
  5 tentacles (Shoals:3)
47 creatures vanquished.

Grand Total: 933 creatures vanquished

Notes
Turn   | Place    | Note
-------+----------+-------------------------------------------
     0 | D:1      | Glundar the Demonspawn Fighter began the quest for the Orb.
     0 | D:1      | Reached XP level 1. HP: 18/18 MP: 1/1
    93 | D:1      | Gained mutation: You are partially covered in sharp spines.
                  | [demonic ancestry]
    93 | D:1      | Reached XP level 2. HP: 17/24 MP: 2/2
   789 | D:1      | Gained mutation: You are partially covered in yellow
                  | scales. (AC +2) [demonic ancestry]
   789 | D:1      | Reached XP level 3. HP: 29/29 MP: 3/3
  1212 | D:2      | Found a hide-covered altar of Uskayaw.
  1217 | D:2      | Found a glowing silver altar of Zin.
  1279 | D:2      | Noticed a bullfrog
  1284 | D:1      | Killed a bullfrog
  1284 | D:1      | Gained mutation: You have large cloven feet. [demonic
                  | ancestry]
  1284 | D:1      | Reached XP level 4. HP: 33/35 MP: 4/4
  1448 | D:2      | Found an opulent altar of Gozag.
  1567 | D:2      | Gained mutation: You are mostly covered in sharp spines.
                  | [demonic ancestry]
  1567 | D:2      | Reached XP level 5. HP: 41/41 MP: 5/5
  2355 | D:3      | Reached skill level 1 in Polearms
  2644 | D:3      | Reached XP level 6. HP: 39/47 MP: 6/6
  3134 | D:4      | Found Ganuleax's Armour Boutique.
  3152 | D:4      | Reached XP level 7. HP: 18/52 MP: 7/7
  3407 | D:4      | Found a runed translucent door.
  3408 | D:4      | Noticed Crazy Yiuf
  3417 | D:4      | Killed Crazy Yiuf
  3417 | D:4      | Reached skill level 5 in Polearms
  3821 | D:4      | Got a twisted helmet
  3901 | D:5      | Entered Level 5 of the Dungeon
  3931 | D:5      | Noticed Eustachio
  3955 | D:4      | Killed Eustachio
  4245 | D:5      | Found the +9 staff of Olgreb {rPois∞}
  4247 | D:5      | Found a runed translucent door.
  4252 | D:5      | Found a runed translucent gate.
  4252 | D:5      | Found a runed translucent gate.
  4253 | D:5      | Found a runed translucent door.
  4263 | D:5      | Found a runed translucent gate.
  4281 | D:5      | Gained mutation: You have hoof-like feet. [demonic
                  | ancestry]
  4281 | D:5      | Reached XP level 8. HP: 58/58 MP: 8/8
  4613 | D:5      | Noticed Edmund
  4864 | D:5      | Killed Edmund
  4926 | D:6      | Noticed Grinder
  4937 | D:6      | Killed Grinder
  5515 | D:6      | Found a sacrificial altar of Ru.
  5801 | D:7      | Gained mutation: You have hooves in place of feet. [demonic
                  | ancestry]
  5801 | D:7      | Reached XP level 9. HP: 63/64 MP: 9/9
  6112 | D:7      | Reached skill level 10 in Polearms
  6118 | D:7      | Found a stormy altar of Qazlal.
  6126 | D:7      | Became a worshipper of Qazlal Stormbringer
  6150 | D:7      | Found an iron altar of Okawaru.
  6228 | D:7      | Found a staircase to the Ecumenical Temple.
  6619 | D:8      | Found a basalt altar of Yredelemnul.
  6707 | D:8      | Reached * piety under Qazlal
  6848 | D:8      | Found Nageijujyd's Jewellery Shoppe.
  6852 | D:8      | Paralysed by a hornet for 1 turns
  7626 | D:8      | Reached XP level 10. HP: 69/70 MP: 10/10
  7906 | D:8      | Noticed a cyclops
  7927 | D:8      | Killed a cyclops
  8490 | D:9      | Reached ** piety under Qazlal
  8711 | D:9      | Found a staircase to the Orcish Mines.
  8990 | D:9      | Found a staircase to the Lair.
  9302 | D:10     | Entered Level 10 of the Dungeon
  9362 | D:10     | Identified the +0 helmet of Absence {*Contam Regen+ Str+2
                  | Int+7} (You found it on level 4 of the Dungeon)
  9742 | D:10     | Reached skill level 3 in Shields
  9762 | D:10     | Reached *** piety under Qazlal
  9807 | D:10     | Gained mutation: Your flesh is cold resistant. (rC+)
                  | [demonic ancestry]
  9807 | D:10     | Reached XP level 11. HP: 69/77 MP: 11/11
 10156 | D:11     | Noticed an eight-headed hydra
 10161 | D:11     | Killed an eight-headed hydra
 10161 | D:11     | Reached skill level 4 in Shields
 10230 | D:11     | Noticed a two-headed ogre
 10230 | D:11     | Noticed a purple ugly thing
 10247 | D:11     | Killed a purple ugly thing
 10260 | D:11     | Killed a two-headed ogre
 10260 | D:11     | Reached skill level 5 in Fighting
 10489 | D:11     | Got an ancient robe
 10571 | D:11     | Found a frozen archway.
 10599 | IceCv    | Entered an ice cave
 10608 | IceCv    | Reached skill level 5 in Armour
 10608 | IceCv    | Reached skill level 5 in Shields
 10675 | IceCv    | Reached **** piety under Qazlal
 10782 | IceCv    | Noticed an ice dragon
 10789 | IceCv    | Noticed an ice dragon
 10797 | IceCv    | Killed an ice dragon
 10807 | IceCv    | Killed an ice dragon
 10807 | IceCv    | Reached skill level 6 in Shields
 11388 | D:11     | Found a basalt altar of Yredelemnul.
 11429 | D:11     | Gained mutation: Your magical and physical power is
                  | slightly enhanced at high health. [demonic ancestry]
 11429 | D:11     | Reached XP level 12. HP: 91/91 MP: 12/12
 11529 | D:11     | Found a blossoming altar of Fedhas.
 11926 | D:11     | Found a basalt altar of Yredelemnul.
 12455 | D:5      | Reached ***** piety under Qazlal
 12581 | Temple   | Entered the Ecumenical Temple
 12755 | Lair:1   | Entered Level 1 of the Lair of Beasts
 12848 | Lair:1   | Reached skill level 1 in Dodging
 12849 | Lair:1   | Reached skill level 1 in Staves
 12856 | Lair:1   | Reached skill level 7 in Shields
 13924 | Lair:2   | Found a staircase to the Shoals.
 14505 | Lair:3   | Reached skill level 8 in Shields
 14654 | Lair:3   | Found a gate leading to a gauntlet.
 14679 | Lair:3   | Gained mutation: You are immune to freezing clouds.
                  | [demonic ancestry]
 14679 | Lair:3   | Reached XP level 13. HP: 99/99 MP: 13/13
 14695 | Gauntlet | Entered a Gauntlet
 14695 | Gauntlet | Found a transporter.
 14695 | Gauntlet | Found a large runed translucent door.
 14695 | Gauntlet | Found a large runed translucent door.
 14695 | Gauntlet | Found a large runed translucent door.
 14695 | Gauntlet | Found a large runed translucent door.
 14695 | Gauntlet | Found a large runed translucent door.
 14695 | Gauntlet | Found a large runed translucent door.
 14695 | Gauntlet | Found a runed translucent door.
 14695 | Gauntlet | Found a runed translucent door.
 14695 | Gauntlet | Found a large runed translucent door.
 14695 | Gauntlet | Found a large runed translucent door.
 14695 | Gauntlet | Found a large runed translucent door.
 14695 | Gauntlet | Found a large runed translucent door.
 14695 | Gauntlet | Found a large runed translucent door.
 14695 | Gauntlet | Found a large runed translucent door.
 14697 | Gauntlet | Found a large runed translucent door.
 14697 | Gauntlet | Found a large runed translucent door.
 14698 | Gauntlet | Found a large runed translucent door.
 14699 | Gauntlet | Found a large runed translucent door.
 14706 | Gauntlet | Found a transporter.
 14706 | Gauntlet | Found a runed translucent gate.
 14706 | Gauntlet | Found a runed translucent gate.
 14706 | Gauntlet | Found a runed translucent gate.
 14708 | Gauntlet | Found a transporter.
 14712 | Gauntlet | Found a transporter.
 14740 | Gauntlet | Found a transporter.
 14779 | Gauntlet | Found a transporter.
 14800 | Gauntlet | Reached ****** piety under Qazlal
 14834 | Gauntlet | Reached skill level 9 in Shields
 14874 | Gauntlet | Identified the +6 spear of Defiance {vamp, rC+ rN++ MP+9}
 14874 | Gauntlet | Noticed a minotaur
 14891 | Gauntlet | Killed a minotaur
 15427 | Lair:4   | Reached skill level 5 in Staves
 15438 | Lair:4   | Reached skill level 10 in Shields
 15958 | Lair:4   | Found a hole to the Spider Nest.
 16242 | Lair:5   | Reached skill level 10 in Fighting
 16274 | Lair:5   | Got a steaming scale mail
 16293 | Lair:5   | Noticed Josephine
 16314 | Lair:4   | Killed Josephine
 16314 | Lair:4   | Gained mutation: You are mostly covered in yellow scales.
                  | (AC +3) [demonic ancestry]
 16314 | Lair:4   | Reached XP level 14. HP: 105/110 MP: 14/14
 16315 | Lair:4   | Upgraded the game from 0.25-a0-589-g1e14c549ee to
                  | 0.25-a0-591-g2ad0d861f1
 17024 | Lair:6   | Entered Level 6 of the Lair of Beasts
 17024 | Lair:6   | Found a staircase to the Slime Pits.
 17042 | Lair:6   | Reached skill level 11 in Shields
 17637 | Lair:6   | Reached skill level 10 in Armour
 17673 | Lair:6   | Reached skill level 12 in Shields
 18188 | Slime:1  | Entered Level 1 of the Pits of Slime
 18188 | Slime:1  | Noticed an acid blob
 18188 | Slime:1  | Noticed an acid blob
 18188 | Slime:1  | Noticed an acid blob
 19185 | D:13     | Reached XP level 15. HP: 119/119 MP: 15/15
 20316 | D:14     | Found a shadowy altar of Dithmenos.
 20564 | D:14     | Found a gate to the Vaults.
 20628 | D:15     | Entered Level 15 of the Dungeon
 21286 | D:15     | Found a staircase to the Depths.
 21290 | D:15     | Reached skill level 13 in Shields
 21452 | Orc:1    | Entered Level 1 of the Orcish Mines
 21488 | Orc:2    | Entered Level 2 of the Orcish Mines
 22160 | Orc:2    | Found a staircase to the Elven Halls.
 22194 | Orc:2    | Found a runed translucent gate.
 22195 | Orc:2    | Noticed iroha's ghost (adept OpFi)
 22197 | Orc:2    | Found a runed translucent gate.
 22214 | Orc:2    | Found a runed translucent gate.
 22254 | Orc:2    | Killed iroha's ghost
 22540 | Orc:2    | Found Fuxec's Assorted Antiques.
 22540 | Orc:2    | Found Lyonehon's Antique Armour Boutique.
 22652 | Orc:2    | Bought a scroll of identify for 72 gold pieces
 22662 | Orc:2    | Bought a blackened plate armour for 952 gold pieces
 22672 | Orc:2    | Identified the +3 plate armour of Shadows and Fog {rElec
                  | MP+9 Int+2} (You bought it in a shop on level 2 of the
                  | Orcish Mines)
 22683 | Orc:2    | Bought a runed helmet for 255 gold pieces
 22693 | Orc:2    | Bought a potion of heal wounds for 180 gold pieces
 22901 | Orc:2    | Found Wiyfyah's Armour Boutique.
 22901 | Orc:2    | Found Xeybajes's General Store.
 22914 | Orc:2    | Bought 3 scrolls of identify for 96 gold pieces
 22928 | Orc:2    | Found a roughly hewn altar of Beogh.
 23146 | Shoals:1 | Entered Level 1 of the Shoals
 23501 | Shoals:1 | Gained mutation: Your magical and physical power is
                  | enhanced at high health. [demonic ancestry]
 23501 | Shoals:1 | Reached XP level 16. HP: 129/129 MP: 16/16
 23675 | Shoals:1 | Reached skill level 14 in Shields
 23914 | Shoals:1 | Got a pair of faintly glowing gloves
 23925 | Shoals:1 | Identified the +0 pair of gloves "Asiw" {rElec Int+2} (You
                  | found it on level 1 of the Shoals)
 25111 | Shoals:2 | Reached skill level 1 in Invocations
 26132 | Shoals:3 | Noticed a kraken
 26146 | Shoals:3 | Noticed a kraken
 26146 | Shoals:3 | Mangled by a kraken

Levels and vault maps discovered:
D:1:      dpeg_arrival_tiny_k, layout_loops_corners, grunt_decor_clamped
D:2:      layout_rooms, grunt_temple_overflow_open
D:3:      layout_loops_corners, first_ration, chequers_serial_rivers_micro_d
D:4:      layout_loops_ring, serial_shops, nicolae_shop_crystal,
          uniq_crazy_yiuf_cottage
D:5:      layout_cave_pools, minmay_guarded_unrand_staff_of_olgreb,
          uniq_eustachio, uniq_edmund
D:6:      layout_basic, hex_large, columned_hall_lemuel,
          nicolae_ru_sacrificial_ziggurat, uniq_grinder
D:7:      layout_loops_ring, marbit_many_paths, lemuel_round_altar,
          minmay_temple_entry_from_below_b, minmay_stone_trees_small, the_bakery
D:8:      wad_statue_garden, layout_loops_ring, yredelemnul_altar_generic,
          serial_shops, shop_coins, lemuel_old_faithful
D:9:      layout_roguey, david_lair_shrubbed, orc_0_dummy,
          lemuel_flamethrower_hall
D:10:     layout_roguey, special_room [special_room_bee], minmay_lizard_king
D:11:     layout_roguey, portal_ice_cave_rime, basic_altar, serial_corexii_hall,
          chequers_hall_statues_y, chequers_hall_statues_wall_a,
          chequers_hall_statues_corner_a, corexii_hall_statues_t,
          fedhas_altar_decomposition
D:12:     layout_basic, minmay_holes, minmay_between
D:13:     layout_roguey, chequers_arboretum, hangedman_decor_points
D:14:     layout_long_grid, skrybe_vaults_entry_preservation,
          grunt_dithmenos_smoke_and_mirrors, serial_bayou_pond_d
D:15:     grunt_enter_depths_snipers, layout_cave_pools,
          minmay_misc_feat_square, corexii_leaking_fountain,
          small_chamber_with_monster, nooodl_orcs_dogs
Temple:   lightli_temple_of_artemis
Lair:1:   layout_roguey, grunt_forest_large_clearings
Lair:2:   layout_chaotic_city, elwin_shoals_entry_rocks
Lair:3:   layout_hall_layers, gauntlet_entry_generic, minivault_26
Lair:4:   layout_cave_pods, spider_nest_entry_web_field, special_room
          [special_room_mythical_zoo]
Lair:5:   layout_regular_city, grunt_forest_small_clearings,
          grunt_forest_large_clearing_hut, uniq_josephine
Lair:6:   gammafunk_lair_ancient_temple, layout_gridlike,
          minmay_slime_entry_oklob_open, st_stairs_9
Shoals:1: layout_shoals
Shoals:2: layout_shoals
Shoals:3: layout_shoals, nicolae_shoals_wave_tunnel
Slime:1:  layout_caves
Orc:1:    layout_caves
Orc:2:    st_orc_town, layout_caves, ebering_ghost_rock_garden

Skill      XL: |  1  2  3  4  5  6  7  8  9 10 11 12 13 14 15 16 |
---------------+-------------------------------------------------+-----
Axes           | 2 3 4 |  4.7
Polearms       | 2 4 6 9 12 13 | 13.7
Armour         | 3 6 7 9 10 11 12 | 12.0
Shields        | 3 6 8 10 12 13 14 | 14.6
Fighting       | 4 7 8 10 11 12 13 | 13.0
Dodging        | 2 |  2.1
Staves         | 3 5 7 8 |  8.2
Invocations    | 3 |  3.7

Action                   |  1- 3 |  4- 6 |  7- 9 | 10-12 | 13-15 | 16-18 || total
-------------------------+-------+-------+-------+-------+-------+-------++-------
Melee: War axe           |    82 |    63 |       |       |       |       ||   145
       Kick              |       |    20 |    63 |   258 |   533 |    76 ||   950
       Trident           |       |    87 |   285 |   870 |   677 |       ||  1919
       Staff             |       |       |       |       |   683 |     5 ||   688
       Demon trident     |       |       |       |       |       |   221 ||   221
Throw: Dart              |       |       |       |     6 |     2 |       ||     8
 Abil: Evoke Flight      |       |       |       |     1 |       |     2 ||     3
  Use: Scroll            |       |       |       |    15 |    21 |     6 ||    42
       Potion            |       |       |       |     3 |     9 |       ||    12
  Eat: Chunk             |     1 |     6 |     9 |    10 |    20 |     6 ||    52
       Ration            |       |       |     2 |     4 |     3 |     1 ||    10
Armor: Scale mail        |    29 |    31 |       |       |       |       ||    60
       Chain mail        |       |    47 |    66 |       |       |       ||   113
       Plate armour      |       |       |    32 |   138 |       |       ||   170
       Ice dragon scales |       |       |       |    40 |   237 |    53 ||   330
Dodge: Dodged            |    20 |    18 |    22 |    53 |   216 |    66 ||   395
       Deflected         |       |       |       |     4 |    12 |    15 ||    31
Block: Kite shield       |    39 |    60 |    79 |   209 |       |       ||   387
       Reflection        |       |       |       |     5 |    98 |    36 ||   139
       Tower shield      |       |       |       |   295 |  1516 |   383 ||  2194

Table legend:
 A = Non-vault XP
 B = Vault XP
 C = Vault XP percentage of total XP
 D = Non-vault monster count
 E = Vault monster count
 F = Vault count percentage of total count
                 A         B        C        D         E       F
            +---------+---------+-------+---------+---------+-------
      Total |  120770 |   66288 |  35.4 |     599 |     298 |  33.2
            +---------+---------+-------+---------+---------+-------
        D:1 |     138 |       0 |   0.0 |      32 |       0 |   0.0
        D:2 |      68 |       0 |   0.0 |      23 |       0 |   0.0
        D:3 |     179 |       0 |   0.0 |      30 |       0 |   0.0
        D:4 |     566 |     228 |  28.7 |      15 |       2 |  11.8
        D:5 |     608 |    1386 |  69.5 |      23 |      20 |  46.5
        D:6 |     452 |     277 |  38.0 |       6 |       1 |  14.3
        D:7 |     661 |     466 |  41.3 |      13 |       2 |  13.3
        D:8 |    1489 |    1400 |  48.5 |      28 |      12 |  30.0
        D:9 |    1695 |     383 |  18.4 |      33 |       1 |   2.9
       D:10 |    1112 |    1799 |  61.8 |      12 |      26 |  68.4
       D:11 |    4268 |    1302 |  23.4 |      21 |       8 |  27.6
       D:12 |    3810 |     746 |  16.4 |      25 |       5 |  16.7
       D:13 |    5878 |       0 |   0.0 |      23 |       0 |   0.0
       D:14 |    5609 |    4772 |  46.0 |      28 |       8 |  22.2
       D:15 |    5323 |    5436 |  50.5 |      13 |      16 |  55.2
     Lair:1 |    2727 |    3641 |  57.2 |      14 |      30 |  68.2
     Lair:2 |    3541 |       0 |   0.0 |      15 |       0 |   0.0
     Lair:3 |    7023 |       0 |   0.0 |      37 |       0 |   0.0
     Lair:4 |    7481 |    8922 |  54.4 |      23 |      29 |  55.8
     Lair:5 |    7021 |    1865 |  21.0 |      26 |       4 |  13.3
     Lair:6 |   14705 |   12337 |  45.6 |      35 |      30 |  46.2
   Shoals:1 |   24593 |       0 |   0.0 |      48 |       0 |   0.0
   Shoals:2 |    7435 |     286 |   3.7 |      15 |       1 |   6.2
   Shoals:3 |    9791 |    1509 |  13.4 |      21 |       5 |  19.2
      Orc:1 |    1382 |    1859 |  57.4 |      12 |      18 |  60.0
      Orc:2 |    3215 |    6951 |  68.4 |      28 |      42 |  60.0
      IceCv |       0 |    5379 | 100.0 |       0 |      20 | 100.0
   Gauntlet |       0 |    5344 | 100.0 |       0 |      18 | 100.0
            +---------+---------+-------+---------+---------+-------
